 Dungeon Crawl Stone Soup version 0.29-a0-1023-g6ae1a4a2c7 (webtiles) character file.

Game seed: 1587505437657867756

16 ICEMaiden the Magician (level 2, -2/16 HPs)
             Began as a Deep Elf Hedge Wizard on Aug 11, 2022.
             Slain by a goblin
             ... wielding a +0 club
              (3 damage)
             ... on level 1 of the Dungeon.
             The game lasted 00:02:29 (297 turns).

ICEMaiden the Magician (Deep Elf Hedge Wizard)       Turns: 297, Time: 00:02:30

Health: -2/16      AC:  2    Str:  7    XL:     2   Next: 41%
Magic:  0/9        EV: 12    Int: 18    God:
Gold:   15         SH:  0    Dex: 14    Spells: 9/10 levels left

rFire   . . .      SeeInvis .   a - +0 dagger
rCold   . . .      Faith    .   (no shield)
rNeg    . . .      Spirit   .   b - +0 robe
rPois   .          Reflect  .   c - +0 hat
rElec   .          Harm     .   (no cloak)
rCorr   .          Rampage  .   (no gloves)
Will    .....                   (no boots)
Stlth   ++........              (no amulet)
HPRegen 0.05/turn               (no ring)
MPRegen 0.11/turn               (no ring)

@: no status effects
A: no striking features
a: no special abilities


You were on level 1 of the Dungeon.
You visited 1 branch of the dungeon, and saw 1 of its levels.

You collected 15 gold pieces.

Inventory:

Hand Weapons
 a - a +0 dagger (weapon)
Armour
 b - a +0 robe (worn)
 c - a +0 hat (worn)
Potions
 d - a potion of magic
 e - 2 potions of berserk rage {unknown}
 f - 2 potions of mutation {unknown}
 g - a potion of curing {unknown}


   Skills:
 * Level 0.6 Fighting
 * Level 2.5 Dodging
 + Level 2.5 Stealth
 + Level 4.5 Spellcasting
 * Level 1.5 Conjurations
 + Level 1.2 Summonings
 + Level 1.3 Translocations
 * Level 0.4 Fire Magic


You had 9 spell levels left.
You knew the following spells:

 Your Spells              Type           Power      Damage    Failure   Level
a - Magic Dart            Conj           36%        1d4       8%          1

Your spell library contained the following spells:

 Spells                   Type           Power      Damage    Failure   Level
 Blink                    Tloc           16%        N/A       12%         2
 Call Imp                 Summ           8%         N/A       13%         2
 Slow                     Hex            16%        N/A       14%         1
 Lesser Beckoning         Tloc           8%         N/A       24%         3
 Conjure Flame            Conj/Fire      7%         6-21      28%         3
 Mephitic Cloud           Conj/Pois/Air  5%         N/A       34%         3
 Manifold Assault         Tloc           8%         N/A       92%         5


Dungeon Overview and Level Annotations

Branches:
Dungeon (1/15)

Altars:


Message History

The bat attacks as you move away! The bat closely misses you.
The quokka attacks as you move away! The quokka barely misses you.
Found a spear.
The bat hits you but does no damage. x2
The quokka closely misses you. The bat completely misses you.
Found 3 gold pieces.
The bat hits you. The bat hits you but does no damage.
The bat barely misses you. x2
The bat hits you but does no damage. The bat completely misses you.
The bat closely misses you. The bat attacks as you move away!
The bat barely misses you. The bat hits you.
* * * LOW HITPOINT WARNING * * *
The bat hits you but does no damage.
You see here a dart slug corpse.
The bat misses you.
You see here a rat corpse.
The bat attacks as you move away! The bat hits you but does no damage.
The bat barely misses you. x2
Aiming: Magic Dart (safe; 8% risk of failure)
Press: ? - help, Q - select action Shift-Dir - straight line, f/p - quokka
Aim: a quokka (heavily wounded, 100% to hit)
The magic dart hits the bat.
You kill the bat!
Aiming: Magic Dart (safe; 8% risk of failure)
Press: ? - help, Q - select action Shift-Dir - straight line, f/p - quokka
Aim: a quokka (heavily wounded, 100% to hit)
The magic dart hits the ball python.
The ball python is severely wounded.
The ball python barely misses you. The ball python closely misses you.
The ball python barely misses you. The ball python closely misses you.
Aiming: Magic Dart (safe; 8% risk of failure)
Press: ? - help, Q - select action Shift-Dir - straight line, f/p - quokka
Aim: a quokka (heavily wounded, 100% to hit)
The magic dart hits the ball python.
You kill the ball python!
Unknown command.
The goblin shouts!
The quokka completely misses you. The quokka attacks as you move away!
The quokka bites you.
* * * LOW HITPOINT WARNING * * *
The goblin hits you with a +0 club.
You die...

#........#.....#.....
#......##.#...#.##...
#....##..#.#.#.#..##.
#...#...#.#.#.#.#...#
#......#..#.#.#..#...
#.....#..#..#..#..#..
....
#...(#...#..#..#...#.
....
#..r.g..#...#...#....
.....
#K##@.......#........
..)..
#†####..............#
......#b#
#####..........)
......#g###
#.########..
..........######.##
#..
##...#....#.......#
###..
#........#.......#
#....
#.....)).#.......#
#....
#.#........K.....#
#.###


You could see a quokka and a goblin.

Vanquished Creatures
  A dart slug (D:1)
  3 ball pythons (D:1)
  A bat (D:1)
  An endoplasm (D:1)
  A giant cockroach (D:1)
  3 goblins (D:1)
  2 kobolds (D:1)
  A rat (D:1)
13 creatures vanquished.

Notes
Turn   | Place    | Note
-------+----------+-------------------------------------------
     0 | D:1      | ICEMaiden the Deep Elf Hedge Wizard began the quest for the
                  | Orb.
     0 | D:1      | Reached XP level 1. HP: 10/10 MP: 7/7
   198 | D:1      | Found a faded altar of an unknown god.
   242 | D:1      | Reached XP level 2. HP: 16/16 MP: 6/9
   297 | D:1      | Slain by a goblin

Illustrated notes

Levels and vault maps discovered:
D:1:      minmay_arrival_radiant_lines, layout_basic,
          dreamdust_ecumenical_altar_hidden_monk_grotto, minmay_box_of_dots

Action                   || total
-------------------------++-------
Melee: Dagger            ||    14
 Cast: Magic Dart        ||    27
Armor: Robe              ||     9
Dodge: Dodged            ||    32

Table legend: (Time is in decaauts)
 A = Elapsed time spent in this place.
 B = Non-inter-level travel time spent in this place.
 C = Inter-level travel time spent in this place.
 D = Time resting spent in this place.
 E = Time spent auto-exploring this place.
 F = Levels seen in this place.
 G = Mean time per level.
                   A        B        C        D        E       F      G
               +--------+--------+--------+--------+--------+-----+--------+
         Total |    297 |    297 |      0 |     50 |    161 |   1 |  297.0 |
       Dungeon |    297 |    297 |      0 |     50 |    161 |   1 |  297.0 |
               +--------+--------+--------+--------+--------+-----+--------+

Top non-repeatable levels by time:
     D:1: 297 daAuts
